 Dungeon Crawl Stone Soup version 0.20-a0-345-gbfb25ec (webtiles) character file.

1263 ololoev the Cudgeler (level 8, -11/72 HPs)
             Began as a Naga Fire Elementalist on Dec 22, 2016.
             Was an Initiate of Elyvilon.
             Mangled by an ogre
             ... wielding a +0 giant club
              (12 damage)
             ... on level 5 of the Dungeon.
             The game lasted 00:14:31 (4794 turns).

ololoev the Cudgeler (Naga Fire Elementalist)       Turns: 4794, Time: 00:14:31

Health: -11/72     AC:  8    Str: 12 (13) XL:     8   Next: 52%
Magic:  11/11      EV:  4    Int: 15 (16) God:    Elyvilon [......]
Gold:   187        SH:  6    Dex: 11 (13) Spells: 11/11 levels left

rFire  + . .     SeeInvis +     a - +0 flail
rCold  x . .     Gourm    .     d - +0 chain mail (curse)
rNeg   . . .     Faith    .     t - +2 buckler
rPois  +         Spirit   .     (no helmet)
rElec  .         Reflect  .     g - +0 cloak
rCorr  .         Harm     +     (no gloves)
MR     +....                    (no barding)
Stlth  ..........               o - amulet of harm
                                y - +2 ring of dexterity
                                f - ring of fire

@: very slow
A: see invisible, deformed body, poison resistance, slowness 2, slow metabolism
1, spit poison 1, AC +2
a: Spit Poison, Renounce Religion


Innate Abilities, Weirdness & Mutations

You cannot wear boots.
Your serpentine skin is tough. (AC +2)
You have supernaturally acute eyesight. (SInv)
Armour fits poorly on your strangely shaped body.
Your system is resistant to poisons. (rPois)
You cover ground very slowly.
You have a slow metabolism.
You can spit poison.

Inventory:

Hand Weapons
 a - a +0 flail (weapon)
Armour
 d - a cursed +0 chain mail (worn)
 g - a +0 cloak (worn)
 t - a +2 buckler (worn)
Jewellery
 f - a ring of fire (left hand)
 o - an amulet of harm (around neck)
 y - a +2 ring of dexterity (right hand)
Wands
 b - a wand of iceblast (10/15)
 s - a wand of polymorph (0/24)
 x - a wand of random effects (16/48)
Scrolls
 e - 5 scrolls of remove curse
 j - 2 scrolls of amnesia
 q - a scroll of enchant weapon
Potions
 h - a potion of resistance {unknown}
 i - a potion of cancellation {unknown}
Comestibles
 c - 5 bread rations
 k - a beef jerky
 l - 3 fruits
 z - a slice of pizza


   Skills:
 + Level 3.9 Fighting
 * Level 5.6 Maces & Flails
 + Level 3.2 Armour
 + Level 3.9 Dodging
 - Level 3.0 Stealth
 - Level 2.6 Shields
 - Level 2.0 Spellcasting
   Level 1.0 Conjurations
   Level 3.0 Fire Magic
 + Level 0.0 Invocations


You had 11 spell levels left.
You didn't know any spells.


You were on level 5 of the Dungeon.
You worshipped Elyvilon.
Elyvilon was noncommittal.
You were not hungry.

You visited 2 branches of the dungeon, and saw 6 of its levels.

You collected 187 gold pieces.

#.. #.. .# #.# #+ #.#
#.# ... #.## #.. ....
###..##### ##. .....
#........# ##.
......###....##..#####..
......O@.............[..
..../.###....##..#####..
..... #.....#..# #..
.%.. #..##.#..# #.. ...
#........# #.# #+
#####.#### #.# #.# #.#
#.# .# #.#

Notes
Turn   | Place    | Note
-------+----------+-------------------------------------------
     0 | D:1      | ololoev the Naga Fire Elementalist began the quest for the Orb.
     0 | D:1      | Reached XP level 1. HP: 15/15 MP: 3/3
   113 | D:1      | Reached skill level 1 in Fighting
   113 | D:1      | Reached XP level 2. HP: 17/25 MP: 0/5
   505 | D:1      | Reached skill level 1 in Armour
   715 | D:1      | Reached XP level 3. HP: 31/31 MP: 6/6
   988 | D:2      | Reached skill level 1 in Maces & Flails
  1042 | D:2      | Reached XP level 4. HP: 36/39 MP: 7/7
  1360 | D:3      | Found a shattered altar of Ashenzari.
  1398 | D:3      | Reached skill level 2 in Maces & Flails
  1485 | D:2      | Reached XP level 5. HP: 25/45 MP: 1/8
  1768 | D:4      | Noticed Eustachio
  1806 | D:3      | Killed Eustachio
  1806 | D:3      | Reached skill level 3 in Maces & Flails
  1806 | D:3      | Reached skill level 1 in Shields
  1806 | D:3      | Reached XP level 6. HP: 48/55 MP: 5/9
  2023 | D:4      | Noticed Blork the orc
  2035 | D:4      | Noticed a basilisk
  2035 | D:4      | an ogre changed into a basilisk
  2041 | D:4      | Killed a basilisk
  2041 | D:4      | Reached XP level 7. HP: 53/61 MP: 6/10
  2056 | D:4      | Killed Blork the orc
  2304 | D:4      | Noticed ololoev's ghost (amateur NaFE)
  2406 | D:5      | Entered Level 5 of the Dungeon
  2625 | D:5      | Found an iron altar of Okawaru.
  2647 | D:5      | Reached skill level 4 in Maces & Flails
  2868 | D:5      | Found a staircase to the Ecumenical Temple.
  2872 | D:5      | Found Webu's Antique Armour Emporium.
  2893 | Temple   | Entered the Ecumenical Temple
  3213 | D:5      | Noticed ololoev's ghost (novice NaFE)
  3240 | D:5      | Killed ololoev's ghost
  3240 | D:5      | Reached skill level 5 in Maces & Flails
  3240 | D:5      | Reached XP level 8. HP: 27/72 MP: 11/11
  3548 | D:4      | HP: 3/72 [gnoll/halberd of chopping (1)]
  4532 | D:5      | Found Nuafeda's Gadget Shoppe.
  4578 | D:5      | Found Caschot's Jewellery Shop.
  4662 | Temple   | Became a worshipper of Elyvilon the Healer
  4791 | D:5      | HP: 1/72 [ogre/giant club (4)]
  4794 | D:5      | Mangled by an ogre

Dungeon Overview and Level Annotations

Branches:
Dungeon (5/15)             Temple (1/1) D:5

Altars:
Ashenzari
Cheibriados
Dithmenos
Elyvilon
Fedhas
Gozag
Kikubaaqudgha
Makhleb
Okawaru
Ru
Trog
Vehumet
Xom
Zin
The Shining One

Shops:
D:5 }=[

Annotations:
D:4 ololoev's ghost, amateur NaFE


Message History

Found a stone staircase leading down.
Found a whip.
Found a leather armour.
All of the chunks of flesh in your inventory have rotted away.
b - a wand of iceblast (?/15)
h - a coppery potion You see here a leather armour.
As you open the door, it creaks loudly!
An ogre comes into view. It is wielding a giant club.
The ogre shouts!
Found a wand of polymorph (?/24) and a slice of pizza.
Use which ability? (? or * to list)
Press: ? - help, Shift-Dir - straight line, f - ogre
Aim: an ogre, wielding a giant club The splash of poison hits the ogre.
The ogre is moderately wounded.
You feel slightly more hungry.
Evoke which item? (* to show all) (? for menu, Esc to quit)
Okay, then.
Your chain mail prevents you from hitting the ogre.
The ogre is moderately wounded.
The ogre hits you with a giant club!
You hit the ogre.
The ogre is heavily wounded.
The ogre hits you with a giant club!!
You completely miss the ogre.
The ogre is heavily wounded.
The ogre hits you with a giant club!!
Okay, then.
Okay, then.
Evoke which item? (* to show all) (? for menu, Esc to quit)
Zapping:
s - a wand of polymorph (?/24) {zapped: 5} (will waste charges)
Press: ? - help, Shift-Dir - straight line, f/p - ogre
Aim: an ogre, wielding a giant club (heavily wounded, chance to defeat MR: 46%)
The ogre resists with some effort.
Evoking this partially-identified wand wasted a few charges.
You have got your breath back.
Unknown command.
Evoke which item? (* to show all) (? for menu, Esc to quit)
Zapping:
s - a wand of polymorph (?/24) {zapped: 7} (will waste charges)
Press: ? - help, Shift-Dir - straight line, f/p - ogre
Aim: an ogre, wielding a giant club (heavily wounded, chance to defeat MR: 46%)
The ogre resists with some effort.
Evoking this partially-identified wand wasted a few charges.
The ogre barely misses you.
Unknown command.
Evoke which item? (* to show all) (? for menu, Esc to quit)
Zapping:
s - a wand of polymorph (?/24) {zapped: 9} (will waste charges)
Press: ? - help, Shift-Dir - straight line, f/p - ogre
Aim: an ogre, wielding a giant club (heavily wounded, chance to defeat MR: 46%) Nothing appears to happen.
The ogre hits you with a giant club.
Evoke which item? (* to show all) (? for menu, Esc to quit)
Really evoke
x - a wand of random effects (?/48) {recharged}?
This could place you under penance!
Evoke which item? (* to show all) (? for menu, Esc to quit)
Really evoke
x - a wand of random effects (?/48) {recharged}?
This could place you under penance!
Zapping:
x - a wand of random effects (?/48) {recharged} (will waste charges)
Press: ? - help, Shift-Dir - straight line, f/p - ogre
Aim: an ogre, wielding a giant club (heavily wounded)
The ogre resists with some effort.
Evoking this partially-identified wand wasted a few charges.
You block the ogre's attack.
Unknown command.
Evoke which item? (* to show all) (? for menu, Esc to quit)
Really evoke
x - a wand of random effects (?/48) {zapped: 2}?
This could place you under penance!
Zapping:
x - a wand of random effects (?/48) {zapped: 2} (will waste charges)
Press: ? - help, Shift-Dir - straight line, f/p - ogre
Aim: an ogre, wielding a giant club (heavily wounded)
The ogre flickers and vanishes for a moment.
Evoking this partially-identified wand wasted a few charges.
Evoke which item? (* to show all) (? for menu, Esc to quit)
Really evoke
x - a wand of random effects (?/48) {zapped: 5}?
This could place you under penance!
Evoke which item? (* to show all) (? for menu, Esc to quit)
Really evoke
x - a wand of random effects (?/48) {zapped: 5}?
This could place you under penance!
Zapping:
x - a wand of random effects (?/48) {zapped: 5} (will waste charges)
Press: ? - help, Shift-Dir - straight line, f/p - ogre
Aim: an ogre, wielding a giant club (heavily wounded, slightly transparent)
The ogre seems to slow down.
Evoking this partially-identified wand wasted a few charges.
The ogre hits you with a giant club!
You die...

You could see an ogre (invisible).

Vanquished Creatures
  The ghost of ololoev the Cudgeler, a novice NaFE of Elyvilon (D:5)
  Eustachio (D:3)
  A basilisk (D:4)
  2 centaurs (D:5)
  Blork the orc (D:4)
  A crimson imp (D:5)
  A hound (D:5)
  An orc priest (D:3)
  3 worker ants
  3 gnolls (D:4)
  11 adders
  An ooze (D:2)
  4 orcs
  5 bats
  2 giant cockroaches
  7 goblins
  6 hobgoblins
  8 jackals
  9 kobolds
  A quokka (D:4)
  A ball python (D:2)
  5 frilled lizards
  7 rats
82 creatures vanquished.

Vanquished Creatures (collateral kills)
  An ogre (D:5)
1 creature vanquished.

Grand Total: 83 creatures vanquished

Action                   |  1- 3 |  4- 6 |  7- 9 || total
-------------------------+-------+-------+-------++-------
Melee: Unarmed           |     2 |       |       ||     2
       Mace              |    12 |     1 |       ||    13
       Flail             |       |    10 |    86 ||    96
 Cast: Flame Tongue      |    17 |    41 |    21 ||    79
 Abil: Spit Poison       |    22 |    30 |    12 ||    64
Evoke: Wand              |       |     2 |    16 ||    18
  Use: Potion            |       |     1 |     6 ||     7
       Scroll            |       |       |     7 ||     7
 Stab: Sleeping          |     1 |     1 |       ||     2
  Eat: Chunk             |     2 |     4 |     4 ||    10
       Meat ration       |       |       |     1 ||     1
Armor: Robe              |     6 |    13 |    15 ||    34
       Skin              |       |       |     7 ||     7
       Chain mail        |       |       |    16 ||    16
Dodge: Dodged            |    15 |    28 |    80 ||   123
Block: Buckler           |       |       |    28 ||    28

Vault maps used:
D:1:      dpeg_arrival_pond, minmay_crystal_room, roderic_lattice_a
D:2:      roderic_st_hans_cross, wad_floor_pattern_untrapped
D:3:      overflow_temple_1_default
D:4:      tgw_sif, first_bread, uniq_blork_the_orc, uniq_eustachio, uniq_pikel
D:5:      serial_shops, nicolae_shop_trees, shop, shop, okawaru_trees_1
Temple:   nicolae_temple_figure_eight
